 Dungeon Crawl Stone Soup version 0.29.1-1-gd02db6906a (webtiles) character file.

Game seed: 7214431410740571613

135 mcbry74 the Chopper (level 4, 0/41 HPs)
             Began as a Minotaur Berserker on Oct 12, 2022.
             Was a Follower of Trog.
             Succumbed to a scorpion's poison
             ... on level 5 of the Dungeon.
             The game lasted 00:02:46 (485 turns).

mcbry74 the Chopper (Minotaur Berserker)             Turns: 485, Time: 00:02:46

Health: 0/41       AC:  6    Str: 22    XL:     4   Next: 97%
Magic:  3/3        EV: 10    Int:  6    God:    Trog [*.....]
Gold:   32         SH:  0    Dex:  9    Spells: 3/3 levels left

rFire   . . .      SeeInvis .   a - +0 hand axe
rCold   . . .      Faith    .   (no shield)
rNeg    . . .      Spirit   .   e - +0 scale mail {Will+}
rPois   .          Reflect  .   (helmet restricted)
rElec   .          Harm     .   (no cloak)
rCorr   .          Rampage  .   (no gloves)
Will    +....                   (no boots)
Stlth   ..........              (no amulet)
HPRegen 0.13/turn               (no ring)
MPRegen 0.08/turn               (no ring)

@: lethally poisoned (0 -> -6)
A: horns 2, retaliatory headbutt
a: Renounce Religion, Berserk


You were on level 5 of the Dungeon.
You worshipped Trog.
Trog was aware of your devotion.
You visited 1 branch of the dungeon, and saw 5 of its levels.

You collected 32 gold pieces.

Inventory:

Hand Weapons
 a - a +0 hand axe (weapon)
Armour
 b - a +0 animal skin
 c - a +0 scale mail
 e - a +0 scale mail of willpower (worn)
Scrolls
 d - 3 scrolls of teleportation {unknown}
 f - a scroll of enchant weapon {unknown}


   Skills:
 + Level 4.4 Fighting
 * Level 5.1 Axes
 + Level 3.5 Armour
 + Level 3.1 Dodging


You had 3 spell levels left.
You didn't know any spells.
Your spell library was empty.

Dungeon Overview and Level Annotations

Branches:
Dungeon (5/15)
 Temple: D:4-7

Altars:
Elyvilon

Shops:
D:4 *


Innate Abilities, Weirdness & Mutations

You have a pair of horns on your head.
You reflexively headbutt those who attack you in melee.


Message History

You hit the scorpion but do no damage.
You punch the scorpion, but do no damage.
The scorpion barely misses you.
You barely miss the scorpion. Your headbutt misses the scorpion.
The scorpion stings you.
You barely miss the scorpion. Your headbutt misses the scorpion.
The scorpion stings you.
You hit the scorpion.
The scorpion is moderately wounded.
The scorpion stings you.
You are poisoned.
The scorpion poisons you!
The scorpion stings you but does no damage.
You barely miss the scorpion.
The scorpion is moderately wounded.
You feel very sick.
The scorpion stings you but does no damage.
You hit the scorpion. You headbutt the scorpion.
The scorpion is severely wounded.
You feel sick. The scorpion stings you.
You are lethally poisoned!
The scorpion poisons you!
You slash the scorpion!
You kill the scorpion!
Trog accepts your kill.
* * * LOW HITPOINT WARNING * * *
You feel very sick.
Your Axes skill increases to level 5!
Your Dodging skill increases to level 3!
Unknown command.
You aren't carrying any potions.
* * * LOW HITPOINT WARNING * * *
You feel very sick.
* * * LOW HITPOINT WARNING * * *
You feel sick.
* * * LOW HITPOINT WARNING * * *
You feel very sick.
* * * LOW HITPOINT WARNING * * *
You feel sick.
You die...

#.....<.# #....#
#..#
#.#####.###.##.#
#..# #.....##.#
#..# ########.#
##..# #.###...#
#.......#
####....#
#########.#...#
#.>.@....###..#
#.#######.#..##
##.#.#
.######.#.#
..........####
.#...........#
#.####.####.# #
#.# # #..


There were no monsters in sight!

Vanquished Creatures
  A scorpion (D:5)
  An orc wizard (D:3)
  4 adders
  3 orcs (D:3)
  5 goblins
  2 hobgoblins
  A quokka (D:4)
17 creatures vanquished.

Notes
Turn   | Place    | Note
-------+----------+-------------------------------------------
     0 | D:1      | mcbry74 the Minotaur Berserker began the quest for the Orb.
     0 | D:1      | Reached XP level 1. HP: 19/19 MP: 0/0
   152 | D:3      | Noticed an orc wizard
   162 | D:3      | Killed an orc wizard
   163 | D:3      | Reached skill level 4 in Axes
   163 | D:3      | Reached XP level 2. HP: 24/27 MP: 1/1
   163 | D:3      | Reached XP level 3. HP: 29/33 MP: 2/2
   239 | D:4      | Found Goeddaet's General Store.
   382 | D:4      | Reached XP level 4. HP: 34/40 MP: 3/3
   394 | D:5      | Entered Level 5 of the Dungeon
   463 | D:5      | Found a white marble altar of Elyvilon.
   465 | D:5      | Noticed a scorpion
   480 | D:5      | Killed a scorpion
   481 | D:5      | Reached skill level 5 in Axes
   484 | D:5      | HP: 2/41 [poisoned by a scorpion]
   485 | D:5      | Succumbed to a scorpion's poison

Illustrated notes

Levels and vault maps discovered:
D:1:      dpeg_arrival_simpleton_c, layout_basic,
          hellmonk_ecumenical_altar_zigzags
D:2:      minmay_diamond_boxcup, layout_loops_ring,
          corexii_item_surrounded_by_moat, chequers_arboretum
D:3:      layout_basic, mainiacjoe_overflow_surrounded_room, uniq_robin,
          uniq_grinder, uniq_terence
D:4:      layout_loops_ring, nicolae_gozag_cash_rules_everything_around_me,
          gammafunk_ghost_cemetery, serial_shops, nicolae_stop_n_shop_2
D:5:      layout_loops_ring, mainiacjoe_overflow_concentric_impassable,
          mainiacjoe_overflow_tiny_flanked, lemuel_tele_altar, amethyst_killhole

Skill      XL: |  1  2  3  4 |
---------------+-------------+-----
Axes           | 4 5 |  5.1
Fighting       | 4 |  4.4
Armour         | 3 |  3.5
Dodging        | 3 |  3.1

Action                   |  1- 3 |  4- 6 || total
-------------------------+-------+-------++-------
Melee: Hand axe          |    36 |    11 ||    47
       Headbutt          |     5 |     3 ||     8
       Punch             |     2 |     1 ||     3
Armor: Scale mail        |    13 |     4 ||    17
       Animal skin       |     2 |       ||     2
Dodge: Dodged            |    14 |     2 ||    16
